 Dungeon Sprint DCSS version 0.29.1-2-gbd0b4ee654 (webtiles) character file.

Game seed: 12281443330760223130

6055 Groucho the Unseen (level 10, -2/44 HPs)
             Began as a Spriggan Enchanter on Nov 22, 2022.
             Was the Champion of Dithmenos.
             Slain by a phantasmal warrior (28 damage)
             ... in the Dungeon (Sprint VII: "The Pits").
             The game lasted 00:08:26 (2430 turns).

Groucho the Unseen (Spriggan Enchanter)             Turns: 2430, Time: 00:08:26

Health: -2/44      AC:  2    Str:  9    XL:     10   Next: 57%
Magic:  26/29      EV: 27    Int: 19    God:    Dithmenos [******]
Gold:   0          SH:  0    Dex: 16    Spells: 26/37 levels left

rFire   . . .      SeeInvis +   u - +2 dagger (venom)
rCold   . . .      Faith    .   (no shield)
rNeg    . . .      Spirit   .   b - +0 robe
rPois   .          Reflect  .   (helmet restricted)
rElec   .          Harm     .   (no cloak)
rCorr   .          Rampage  .   (gloves unavailable)
Will    .....      NoTele   +   (boots unavailable) Stlth **++++++++
                                (no amulet)
HPRegen 0.14/turn               o - +3 ring of strength
MPRegen 0.21/turn               p - +3 ring of evasion

@: confusing by touch, weak-willed, wreathed by umbra, very quick
A: very small, no large weapons, unfitting armour, see invisible, speed 3
a: Renounce Religion, Shadow Step, Shadow Form


You were in the Dungeon.
You worshipped Dithmenos.
Dithmenos was exalted by your worship.
You visited 1 branch

Inventory:

Hand Weapons
 a - a +2 dagger
 n - a +2 dagger of electrocution
 s - the +3 Elemental Staff {rElec rF++ rC++ AC+5}
   (You found it in the Dungeon)

   If the wielder is skilled in Evocations, they can discharge powerful blasts
   of elemental energy when striking with it.
   It enhances your fire, ice, earth and air magic.
   AC:        It affects your AC (+5).
   rF:        It greatly protects you from fire.
   rC:        It greatly protects you from cold.
   rElec:     It insulates you from electricity.
 t - the +2 rapier of Doubt {venom, Str+8 Int-2 SInv}
   (You found it in the Dungeon)

   It poisons the flesh of those it strikes.
   Str:       It affects your strength (+8).
   Int:       It affects your intelligence (-2).
   SInv:      It lets you see invisible.
 u - a +2 dagger of venom (weapon)
Missiles
 j - 10 stones (quivered)
Armour
 b - a +0 robe (worn)
Jewellery
 o - a +3 ring of strength (left hand)
 p - a +3 ring of evasion (right hand)
Scrolls
 i - a scroll of blinking
 k - 5 scrolls of amnesia
 l - a scroll of summoning
 m - 2 scrolls of vulnerability
Potions
 c - 3 potions of invisibility
 d - 7 potions of curing
 e - 10 potions of heal wounds
 f - a potion of haste
 g - 4 potions of magic
 h - a potion of berserk rage
 q - 2 potions of might
 r - a potion of brilliance


   Skills:
 + Level 13.0 Short Blades
 - Level 6.0 Throwing
 + Level 11.5 Dodging
 - Level 16.0 Stealth
 + Level 14.3 Spellcasting
 + Level 14.5 Hexes
 - Level 5.0 Invocations


You had 26 spell levels left.
You knew the following spells:

 Your Spells              Type           Power      Damage    Failure   Level
a - Ensorcelled Hibernat  Hex/Ice        82%        N/A       1%          2
b - Confusing Touch       Hex            62%        N/A       1%          3
c - Dazzling Flash        Conj/Hex       82%        N/A       1%          3
d - Tukima's Dance        Hex            62%        N/A       1%          3

Your spell library contained the following spells:

 Spells                   Type           Power      Damage    Failure   Level


Dungeon Overview and Level Annotations

Branches:
Dungeon (1/1)

Altars:
Ashenzari
Cheibriados
Dithmenos
Elyvilon
Fedhas
Gozag
Hepliaklqana
Kikubaaqudgha
Makhleb
Nemelex Xobeh
Okawaru
Qazlal
Ru
Sif Muna
Trog
Uskayaw
Vehumet
Wu Jian
Xom
Yredelemnul
Zin
The Shining One
Jiyva
Lugonu


Innate Abilities, Weirdness & Mutations

You are very small and have problems with some larger weapons.
You are too small for most types of armour.
You have supernaturally acute eyesight. (SInv)
You cover ground extremely quickly. (Speed+++)


Message History

You start resting.
Magic restored.
You start waiting.
You start waiting.
Done waiting.
There are no items here.
You open the door.
A worm and a rat come into view.
There is an open door here.
The helpless worm fails to defend itself.
You spit the worm like a pig!!!!
You kill the worm!
Dithmenos accepts your kill.
The helpless rat fails to defend itself.
You skewer the rat like a kebab!!!!!
You kill the rat!
Dithmenos accepts your kill.
You open the door.
A phantasmal warrior comes into view.
A fire bat and a minotaur come into view.
The phantasmal warrior gestures at you.
The phantasmal warrior blinks!
There is an open door here.
The helpless minotaur fails to defend itself.
You stick the minotaur like a pincushion!!!!
You kill the minotaur!
Dithmenos accepts your kill.
The phantasmal warrior barely misses you.
Your Short Blades skill increases to level 13!
Your Dodging skill increases to level 11!
Unknown command.
Casting: Ensorcelled Hibernation (safe; 1% risk of failure)
Confirm with . or Enter, or press ? or * to list all spells.
Your hands begin to glow red.
The phantasmal warrior hits you!!
You emit a cloud of dark smoke.
Your willpower is stripped away!
You hit the phantasmal warrior but do no damage.
Your shadow closely misses the phantasmal warrior.
The phantasmal warrior hits you!!
Ouch! That really hurt!
You die...

##...##..÷##..#
###...##'##..## #
##..........##
###.)###'###...##+##
##.)##.....##..#b..#
##).'.......+..+..§+
##))##.....##..#(..#
###..###'###...##§##
# ##...)......##@W§#
###...##'##..###§§§+
##)..##...##..##...#
##..###...###..'...#
##### ##### ########


You could see a phantasmal warrior.

Vanquished Creatures
  A minotaur (D)
  A sea snake (D)
  An orc knight (D)
  A deep elf pyromancer (D)
  An orc sorcerer (D)
  A merfolk siren (D)
  A smoke demon (D)
  A gargoyle (D)
  A troll (D)
  A tyrant leech (D)
  A hornet (D)
  2 snapping turtles (D)
  A spriggan (D)
  A flying skull (D)
  4 yaks (D)
  2 fire bats (D)
  Menkaure (D)
  A water moccasin (D)
  A floating eye (D)
  A centaur (D)
  A quasit (D)
  A gnoll bouda (D)
  A mummy (D)
  5 gnolls (D)
  An adder (D)
  A river rat (D)
  A white imp (D)
  An adder skeleton (D)
  A worm (D)
  3 orcs (D)
  An endoplasm (D)
  A hobgoblin (D)
  6 jackals (D)
  A frilled lizard (D)
  2 kobolds (D)
  2 rats (D)
54 creatures vanquished.

Notes
Turn   | Place    | Note
-------+----------+-------------------------------------------
     0 | D        | Groucho the Spriggan Enchanter began the quest for the Orb.
     0 | D        | Reached XP level 1. HP: 9/9 MP: 5/5
    14 | D        | Reached skill level 5 in Stealth
    44 | D        | Found a bloodstained altar of Trog.
    44 | D        | Found a shimmering blue altar of Sif Muna.
    44 | D        | Found a viscous altar of Jiyva.
    44 | D        | Found a hazy altar of Hepliaklqana.
    44 | D        | Found an opulent altar of Gozag.
    45 | D        | Found a glowing golden altar of the Shining One.
    45 | D        | Found a glowing silver altar of Zin.
    45 | D        | Found a basalt altar of Yredelemnul.
    45 | D        | Found a shimmering altar of Xom.
    45 | D        | Found an ornate altar of the Wu Jian Council.
    45 | D        | Found a sacrificial altar of Ru.
    45 | D        | Found a stormy altar of Qazlal.
    45 | D        | Found an iron altar of Okawaru.
    45 | D        | Found a sparkling altar of Nemelex Xobeh.
    45 | D        | Found a burning altar of Makhleb.
    45 | D        | Found a blossoming altar of Fedhas.
    45 | D        | Found a white marble altar of Elyvilon.
    45 | D        | Found a shadowy altar of Dithmenos.
    45 | D        | Found a snail-covered altar of Cheibriados.
    46 | D        | Found a radiant altar of Vehumet.
    46 | D        | Found a corrupted altar of Lugonu.
    47 | D        | Found a hide-covered altar of Uskayaw.
    47 | D        | Found an ancient bone altar of Kikubaaqudgha.
    47 | D        | Found a broken altar of Ashenzari.
    54 | D        | Became a worshipper of Dithmenos the Shadowed
    90 | D        | Reached skill level 6 in Stealth
    90 | D        | Reached XP level 2. HP: 7/13 MP: 5/7
   568 | D        | Noticed a floating eye
   569 | D        | Reached * piety under Dithmenos
   572 | D        | Killed a floating eye
   573 | D        | Reached skill level 10 in Stealth
   573 | D        | Reached skill level 5 in Spellcasting
   573 | D        | Reached XP level 3. HP: 16/16 MP: 8/11
   573 | D        | Reached XP level 4. HP: 21/21 MP: 8/12
   577 | D        | Noticed a water moccasin
   599 | D        | Learned a level 2 spell: Ensorcelled Hibernation
   603 | D        | Reached ** piety under Dithmenos
   623 | D        | Killed a water moccasin
   624 | D        | Reached skill level 5 in Short Blades
   624 | D        | Reached skill level 12 in Stealth
   624 | D        | Reached XP level 5. HP: 24/24 MP: 0/15
  1003 | D        | Noticed a fire bat
  1008 | D        | Reached *** piety under Dithmenos
  1013 | D        | Learned a level 3 spell: Confusing Touch
  1017 | D        | Learned a level 3 spell: Dazzling Flash
  1021 | D        | Learned a level 3 spell: Tukima's Dance
  1024 | D        | Noticed a fire bat
  1027 | D        | Killed a fire bat
  1028 | D        | Reached skill level 14 in Stealth
  1028 | D        | Reached XP level 6. HP: 28/28 MP: 9/17
  1035 | D        | Reached **** piety under Dithmenos
  1037 | D        | Killed a fire bat
  1038 | D        | Reached skill level 15 in Stealth
  1083 | D        | Reached XP level 7. HP: 32/32 MP: 4/20
  1100 | D        | Noticed a flying skull
  1104 | D        | Killed a flying skull
  1390 | D        | Reached skill level 16 in Stealth
  1396 | D        | Noticed a snapping turtle
  1398 | D        | Killed a snapping turtle
  1398 | D        | Reached ***** piety under Dithmenos
  1400 | D        | Noticed Menkaure
  1409 | D        | Killed Menkaure
  1410 | D        | Reached skill level 10 in Hexes
  1416 | D        | Noticed a troll
  1416 | D        | Noticed an orc sorcerer
  1420 | D        | Killed an orc sorcerer
  1421 | D        | Reached skill level 10 in Spellcasting
  1421 | D        | Reached XP level 8. HP: 36/36 MP: 19/23
  1422 | D        | Killed a troll
  1427 | D        | Found the +3 Elemental Staff {rElec rF++ rC++ AC+5}
  1455 | D        | Got the +2 rapier of Doubt {venom, Str+8 Int-2 SInv}
  1510 | D        | Noticed a tyrant leech
  1510 | D        | Noticed a smoke demon
  1515 | D        | Killed a tyrant leech
  1516 | D        | Reached skill level 5 in Throwing
  1516 | D        | Reached skill level 5 in Invocations
  1612 | D        | Killed a smoke demon
  1613 | D        | Reached skill level 10 in Short Blades
  1613 | D        | Reached skill level 5 in Dodging
  1613 | D        | Reached XP level 9. HP: 27/39 MP: 16/25
  1812 | D        | Noticed a gargoyle
  1816 | D        | Reached ****** piety under Dithmenos
  1871 | D        | Killed a gargoyle
  1884 | D        | Noticed a merfolk siren
  1886 | D        | Killed a merfolk siren
  1892 | D        | Noticed a deep elf pyromancer
  1893 | D        | Noticed an orc knight
  1897 | D        | Noticed a sea snake
  1898 | D        | Killed a deep elf pyromancer
  1904 | D        | Killed a sea snake
  1905 | D        | Reached XP level 10. HP: 42/44 MP: 15/28
  1909 | D        | Killed an orc knight
  1910 | D        | Reached skill level 10 in Dodging
  2425 | D        | Noticed a phantasmal warrior
  2426 | D        | Noticed a minotaur
  2427 | D        | Killed a minotaur
  2430 | D        | Slain by a phantasmal warrior

Illustrated notes

Levels and vault maps discovered:
D:        pitsprint [storerooms_1, entrance_room_1, metal_vault_5, armoury_1,
          mini_pit_1, grid_room_1, main_hall_1, silver_pit, the_coven_1,
          the_vestibule_1, steel_vault_5, golden_pit, hallway_of_sentries,
          crystal_vault_6, iron_vault_3, final_vault]

Skill      XL: |  1  2  3  4  5  6  7  8  9 10 |
---------------+-------------------------------+-----
Stealth        | 6 10 12 14 15 16 | 16.0
Spellcasting   | 3 5 6 7 8 10 11 13 14 | 14.3
Short Blades   | 2 4 5 6 7 9 10 12 13 | 13.0
Hexes          | 4 6 7 8 10 11 13 14 | 14.5
Throwing       | 4 5 6 |  6.0
Invocations    | 4 5 |  5.0
Dodging        | 5 9 11 | 11.5

Action                   |  1- 3 |  4- 6 |  7- 9 | 10-12 || total
-------------------------+-------+-------+-------+-------++-------
Melee: Dagger            |    25 |    20 |    48 |    13 ||   106
       Punch             |       |       |     1 |       ||     1
 Cast: Ensorcelled Hiber |       |    16 |     7 |     7 ||    30
       Confusing Touch   |       |     1 |     7 |     1 ||     9
Invok: Shadow Step       |       |       |     1 |       ||     1
  Use: Potion            |     2 |     1 |     3 |       ||     6
 Stab: Sleeping          |     2 |    10 |    15 |    12 ||    39
       Confused          |       |     1 |     7 |       ||     8
       Invisible         |       |       |     1 |       ||     1
Armor: Robe              |     1 |     1 |       |       ||     2
Dodge: Dodged            |    16 |    22 |    16 |     5 ||    59
